 Dungeon Sprint DCSS version 0.28.0-45-g0d030f2227 (webtiles) character file.

Game seed: 11100401263986977831

2247 McKennaii the Protected (level 8, -6/82 HPs)
             Began as a Demigod Fighter on Apr 18, 2022.
             Mangled by a deep troll (20 damage)
             ... in the Dungeon (Sprint II: "The Violet Keep of Menkaure").
             The game lasted 00:05:54 (2472 turns).

McKennaii the Protected (Demigod Fighter)           Turns: 2472, Time: 00:05:55

Health: -6/82      AC: 13    Str: 29    XL:     8   Next: 92%
Magic:  10/10      EV:  9    Int: 10    God:
Gold:   313        SH:  5    Dex: 20    Spells: 7/7 levels left

rFire   . . .      SeeInvis .   a - +0 trident
rCold   + . .      Faith    .   c - +0 buckler
rNeg    . . .      Spirit   .   b - +0 scale mail
rPois   +          Reflect  .   k - +0 helmet of the Old and Reckless {rC+ Dex+4}
rElec   .          Harm     .   (no cloak)
rCorr   .          Rampage  .   (no gloves)
Will    .....      NoTele   +   l - +1 pair of boots of the Eternal Fruit {rPois Will- Str+4 Dex+3}
Stlth   ..........              (no amulet)
HPRegen 0.23/turn               (no ring)
MPRegen 0.12/turn               (no ring)

@: mighty
A: high MP 1, forlorn, divine attributes
a: no special abilities


You were in the Dungeon.
You visited 1 branch You collected 986 gold pieces.
You spent 673 gold pieces at shops.

Inventory:

Hand Weapons
 a - a +0 trident (weapon)
Armour
 b - a +0 scale mail (worn)
 c - a +0 buckler (worn)
 k - the +0 helmet of the Old and Reckless (worn) {rC+ Dex+4}
   (You bought it in a shop in the Dungeon)

   Dex:       It affects your dexterity (+4).
   rC:        It protects you from cold.
 l - the +1 pair of boots of the Eternal Fruit (worn) {rPois Will- Str+4 Dex+3}
   (You bought it in a shop in the Dungeon)

   Str:       It affects your strength (+4).
   Dex:       It affects your dexterity (+3).
   rPois:     It protects you from poison.
   Will:      It decreases your willpower.
Scrolls
 j - a scroll of blinking
 m - a scroll of magic mapping {unknown}
 o - 5 scrolls of identify {unknown}
 p - a scroll of amnesia {unknown}
 q - a scroll of immolation {unknown}
 r - a scroll of acquirement {unknown}
Potions
 e - 4 potions of curing
 f - a potion of ambrosia {unknown}
 g - a potion of haste
 h - 5 potions of magic
 i - 2 potions of berserk rage
 n - 2 potions of attraction {unknown}
 s - a potion of heal wounds
 t - 3 potions of flight {unknown}
 u - 3 potions of resistance {unknown}


   Skills:
 + Level 11.4 Fighting
 + Level 11.3 Polearms
 + Level 11.5 Armour
 - Level 2.6 Shields


You had 7 spell levels left.
You didn't know any spells.
Your spell library contained the following spells:

 Spells                   Type           Power      Damage    Failure   Level
 Static Discharge         Conj/Air       0%         N/A       80%         2
 Lightning Bolt           Conj/Air       0%         1d11      100%        5
 Maxwell's Capacitive Co  Air            0%         ∞         100%        8


Dungeon Overview and Level Annotations

Branches:
Dungeon (1/1)

Shops:
D ![:=([([::=?[!=

Annotations:
D exclusion: oklob plant


Innate Abilities, Weirdness & Mutations

You have an increased reservoir of magic. (+10% MP)
You shall have no god before yourself.
Your divine heritage dramatically boosts your attributes as you level up.


Message History

You enter the shallow water.
Moving in this stuff is going to be slow.
Why would you want to do that?
You open the door.
A deep troll comes into view.
The deep troll shouts!
Found 135 gold pieces.
A deep troll comes into view.
Found 81 gold pieces.
The deep troll bites you! The deep troll barely misses you.
The deep troll claws you.
There is an open door, spattered with blood here.
Unknown command.
You feel very mighty all of a sudden. The deep troll closely misses you.
The deep troll claws you! You block the deep troll's attack.
The deep troll bites you. The deep troll closely misses you.
The deep troll claws you.
Unknown command.
You closely miss the deep troll. The deep troll closely misses you. x2
You block the deep troll's attack.
The deep troll bites you but does no damage.
The deep troll claws you but does no damage.
The deep troll claws you.
Unknown command.
You hit the deep troll.
The deep troll is lightly wounded.
Unknown command.
You hit the deep troll but do no damage.
The deep troll is lightly wounded.
The deep troll bites you! The deep troll claws you. The deep troll misses you.
The deep troll bites you but does no damage.
The deep troll claws you.
* * * LOW HITPOINT WARNING * * *
The deep troll claws you but does no damage.
You impale the deep troll!!
The deep troll is heavily wounded.
The deep troll completely misses you. You block the deep troll's attack.
The deep troll claws you!
* * * LOW HITPOINT WARNING * * *
The deep troll bites you!!
You die...

.##.#▓).[(....▓▓
...##▓▓▓▓▓▓▓'▓▓▓▓+▓
≈≈≈≈≈≈≈≈≈≈≈≈...≈≈≈▓
#'########§###wX≈≈▓
#....._._#§§≈##≈≈≈▓
#...._._.#§≈≈§####▓▓
#..._._._#≈§§§§##$$#
#.._._._.#§≈§§§§#$§#
#._._._._#≈§≈§§≈@T$+
#_._._._.#§§§§§§#T§#
#._._._..#≈≈≈§§≈▓$$#
#.._._._.#≈≈≈§▓▓▓▓▓▓
##########≈§≈≈▓
#≈≈≈≈≈≈≈≈≈≈≈≈≈▓
#≈########≈▓▓▓▓ #▓


You could see 2 deep trolls.

Vanquished Creatures
  A merfolk siren (D)
  A yaktaur (D)
  3 polar bears (D)
  A hornet (D)
  Menkaure (D)
  3 water moccasins (D)
  4 necrophages (D)
  A scorpion (D)
  3 worms (D)
18 creatures vanquished.

Vanquished Creatures (others)
  A water moccasin (D)
  24 tentacles (D)
25 creatures vanquished.

Grand Total: 43 creatures vanquished

Notes
Turn   | Place    | Note
-------+----------+-------------------------------------------
     0 | D        | McKennaii the Demigod Fighter began the quest for the Orb.
     0 | D        | Reached XP level 1. HP: 18/18 MP: 3/3
    19 | D        | Reached XP level 2. HP: 15/26 MP: 4/4
    80 | D        | Killed a water moccasin
   151 | D        | Noticed a necrophage
   151 | D        | Noticed a necrophage
   151 | D        | Noticed a necrophage
   151 | D        | Noticed a necrophage
   159 | D        | Killed a necrophage
   160 | D        | Reached skill level 5 in Fighting
   160 | D        | Reached skill level 5 in Armour
   160 | D        | Reached XP level 3. HP: 23/36 MP: 5/5
   160 | D        | Reached XP level 4. HP: 27/42 MP: 6/6
   169 | D        | Killed a necrophage
   170 | D        | Reached XP level 5. HP: 25/51 MP: 7/7
   174 | D        | Killed a necrophage
   185 | D        | Killed a necrophage
   186 | D        | Reached XP level 6. HP: 15/61 MP: 8/8
   414 | D        | Noticed a boulder beetle
   414 | D        | Noticed a boulder beetle
   418 | D        | Noticed a merfolk siren
   435 | D        | Killed a merfolk siren
   436 | D        | Reached XP level 7. HP: 38/70 MP: 9/9
   590 | D        | Found Boer's Jewellery Emporium.
   590 | D        | Found Goptutih's Armour Emporium.
   590 | D        | Found Qaduociote's Book Shoppe.
   590 | D        | Found Regefrai's Jewellery Emporium.
   590 | D        | Found Gisynin's Book Shoppe.
   590 | D        | Found Afaf's Magic Scroll Shoppe.
   590 | D        | Found Narafak's Distillery.
   591 | D        | Found Dozukiq's Antique Armour Shoppe.
   592 | D        | Found Coll's Antique Weapon Shoppe.
   592 | D        | Found Zekuth's Antique Armour Emporium.
   592 | D        | Noticed Menkaure
   592 | D        | Noticed a shining eye
   603 | D        | Killed Menkaure
   622 | D        | Found Veypt's Weapon Emporium.
   622 | D        | Found Zakoig's Jewellery Shoppe.
   622 | D        | Noticed a shining eye
   622 | D        | Noticed a shining eye
   622 | D        | Noticed an oklob plant
   623 | D        | Found Cojasm's Antique Armour Shoppe.
   623 | D        | Found Acla's Book Shoppe.
   623 | D        | Found Ofoxtus's Distillery.
   629 | D        | Noticed an ice dragon
   670 | D        | Bought a crude helmet for 237 gold pieces
   670 | D        | Identified the +0 helmet of the Old and Reckless {rC+
                  | Dex+4} (You bought it in a shop in the Dungeon)
   679 | D        | Bought the +1 pair of boots of the Eternal Fruit {rPois
                  | Will- Str+4 Dex+3} for 436 gold pieces
   720 | D        | Noticed a polar bear
   723 | D        | Noticed a hornet
   756 | D        | Killed a polar bear
  1050 | D        | Noticed a polar bear
  1073 | D        | Killed a hornet
  1074 | D        | Reached skill level 10 in Fighting
  1074 | D        | Reached skill level 10 in Polearms
  1074 | D        | Reached skill level 10 in Armour
  1074 | D        | Reached XP level 8. HP: 61/79 MP: 10/10
  1156 | D        | Noticed a yaktaur
  1185 | D        | Killed a polar bear
  1196 | D        | Killed a yaktaur
  1457 | D        | Noticed a polar bear
  1588 | D        | Killed a polar bear
  1671 | D        | Noticed a kraken
  2116 | D        | Found the +8 orange crystal plate armour {Archmagi, Int+3
                  | Clar}
  2466 | D        | Noticed a deep troll
  2467 | D        | Noticed a deep troll
  2472 | D        | Mangled by a deep troll

Illustrated notes

Levels and vault maps discovered:
D:        the_violet_keep_of_menkaure [sprint2_stairs_cluster_1,
          sprint2_shoproom, sprint2_temple, sprint2_basic_supplies,
          sprint2_obstacle_5, sprint2_obstacle_3, sprint2_obstacle_7,
          sprint2_obstacle_2, sprint2_obstacle_4, sprint2_timed_cluster_1,
          sprint2_smallroom_cluster_1, sprint2_smallroom_final_cluster_1,
          sprint2_transparent_cluster_1, sprint2_second_timed_cluster_1,
          sprint2_sniper_area_1, sprint2_heavy_combat_area_1,
          sprint2_mutation_trap_area_1, sprint2_forest_area_1,
          sprint2_light_combat_area_1, sprint2_behind_water_1,
          sprint2_near_end_vault_1]

Skill      XL: |  1  2  3  4  5  6  7  8 |
---------------+-------------------------+-----
Fighting       | 3 5 6 7 9 10 11 | 11.4
Polearms       | 2 4 6 7 8 10 11 | 11.3
Armour         | 3 5 6 7 9 10 11 | 11.5
Shields        | |  2.6

Action                   |  1- 3 |  4- 6 |  7- 9 || total
-------------------------+-------+-------+-------++-------
Melee: Trident           |    23 |    43 |   113 ||   179
  Use: Potion            |       |       |     2 ||     2
Armor: Scale mail        |     2 |     8 |    56 ||    66
Dodge: Dodged            |     7 |    10 |    52 ||    69
Block: Buckler           |     2 |     2 |    43 ||    47
